 Dungeon Crawl Stone Soup version 0.31-a0-229-g1fc7ce93e2 (webtiles) character file.

Game seed: 443087895631261889

56 qw the Shooter (level 3, -4/22 HPs)
             Began as a Gargoyle Hexslinger on July 6, 2023.
             Slain by Terence
             ... wielding a +0 flail
              (9 damage)
             ... on level 2 of the Dungeon.
             The game lasted 00:00:22 (855 turns).

qw the Shooter (Gargoyle Hexslinger)                 Turns: 855, Time: 00:00:23

Health: -4/22      AC:  6    Str: 11    XL:     3   Next: 97%
Magic:  4/4        EV: 11    Int: 13    God:
Gold:   36         SH:  0    Dex: 14    Spells: 3/4 levels left

rFire   . . .        Y - +1 sling
rCold   . . .        (no shield)
rNeg    + . .        h - +0 leather armour
rPois   inf          (no helmet)
rElec   +            (no cloak)
rCorr   .            (no gloves)
SInv    .            (no boots)
Will    .....        (no amulet)
Stlth   +            (no ring)
HPRegen 0.23/turn    (no ring)
MPRegen 0.09/turn

%: no passive effects
@: no status effects
A: sickness immunity, AC +3, negative energy resistance 1, electricity
resistance, torment resistance 1, petrification resistance
a: no special abilities


You were on level 2 of the Dungeon.
You visited 1 branch of the dungeon, and saw 2 of its levels.

You collected 36 gold pieces.


Innate Abilities, Weirdness & Mutations

You are immune to sickness and miasma.
Your stone body is resilient. (AC +3)
You are immune to poison.
You resist negative energy. (rN+)
You are resistant to electric shocks. (rElec)
You are resistant to unholy torment.
You are immune to petrification.


   Skills:
 - Level 2.9 Fighting
 + Level 3.2 Ranged Weapons
 - Level 1.5 Dodging
 - Level 1.0 Spellcasting
 - Level 2.6 Hexes


You had 3 spell levels left.
You knew the following spells:

 Your Spells              Type           Power      Damage    Failure   Level
a - Slow                  Hex            28%        N/A       12%         1

Your spell library contained the following spells:

 Spells                   Type           Power      Damage    Failure   Level
 Inner Flame              Hex/Fire       4%         N/A       54%         3
 Portal Projectile        Hex/Tloc       8%         N/A       54%         3
 Cause Fear               Hex            3%         N/A       77%         4

Inventory:

Hand Weapons
 Y - a +1 sling (weapon)
Armour
 h - a +0 leather armour (worn)
Jewellery
 c - an amulet of faith
Scrolls
 b - a scroll of identify
 f - a scroll of fog {unknown}
Potions
 a - 2 potions of degeneration {unknown}
 d - a potion of lignification {unknown}
 e - a potion of curing {unknown}

Dungeon Overview and Level Annotations

Branches:
Dungeon (2/15)

Altars:

Shops:
D:1 [

Annotations:
D:2 Terence


Message History

Terence is lightly wounded.
Terence closely misses you.
You shoot a sling bullet.
The sling bullet hits Terence but does no damage.
Terence is lightly wounded.
Terence hits you with a +0 flail. Terence closely misses you.
You shoot a sling bullet.
The sling bullet hits Terence but does no damage.
Terence is lightly wounded.
Terence closely misses you.
You shoot a sling bullet.
The sling bullet hits Terence but does no damage.
Terence is lightly wounded.
Terence barely misses you.
You shoot a sling bullet.
The sling bullet hits Terence but does no damage.
Terence is lightly wounded.
Terence barely misses you. Terence closely misses you.
You shoot a sling bullet.
The sling bullet closely misses Terence.
Terence hits you with a +0 flail!
You shoot a sling bullet. The sling bullet hits Terence.
Terence is lightly wounded.
Terence barely misses you.
You shoot a sling bullet.
The sling bullet closely misses Terence.
Terence closely misses you.
You shoot a sling bullet.
The sling bullet hits Terence but does no damage.
Terence is lightly wounded.
Terence hits you with a +0 flail. Terence barely misses you.
You shoot a sling bullet.
The sling bullet hits Terence but does no damage.
Terence is lightly wounded.
Terence barely misses you.
You shoot a sling bullet.
The sling bullet hits Terence but does no damage.
Terence is lightly wounded.
Terence hits you with a +0 flail!
You die...

#########
.....)..#
#######.#
....###.##########
###..............#
....###...######.#
.##.##.....# #@#
..........##
#.@......
....####.##
####..... #####
#.# .?.# #.# ..#
#+# .# # #


You could see Terence.

Vanquished Creatures
  Jessica (D:2)
  A dart slug (D:2)
  3 endoplasms
  2 giant cockroaches (D:1)
  2 goblins
  3 hobgoblins (D:1)
  2 kobolds
  A quokka (D:1)
  3 ball pythons
  2 bats (D:1)
  4 frilled lizards
  3 rats (D:1)
27 creatures vanquished.

Notes
Turn   | Place    | Note
-------+----------+-------------------------------------------
     0 | D:1      | qw the Gargoyle Hexslinger began the quest for the Orb.
     0 | D:1      | Reached XP level 1. HP: 12/12 MP: 2/2
     0 | D:1      | 0 ||| qw: Version: 0.3-a-46-gb1f654a
     0 | D:1      | 0 ||| qw: Game counter: 1108
     0 | D:1      | 0 ||| qw: Melee chars always use a shield: true
     0 | D:1      | 0 ||| qw: God list: Okawaru
     0 | D:1      | 0 ||| qw: Allow faded altars: false
     0 | D:1      | 0 ||| qw: Do Orc after clearing Dungeon:15 true
     0 | D:1      | 0 ||| qw: Do second Lair branch before Depths: true
     0 | D:1      | 0 ||| qw: Lair rune preference: random
     0 | D:1      | 0 ||| qw: Goals: Normal
     0 | D:1      | 0 ||| PLANNING D:1-11
     2 | D:1      | Noticed a demigod
     2 | D:1      | Noticed a vampire
     4 | D:1      | Noticed a human
     4 | D:1      | Noticed a naga
     6 | D:1      | Noticed a formicid
     8 | D:1      | Noticed a gargoyle
    10 | D:1      | Noticed a vine stalker
    12 | D:1      | Noticed an elf
    12 | D:1      | Noticed a draconian
    14 | D:1      | Noticed an armataur
    14 | D:1      | Noticed a minotaur
    16 | D:1      | Noticed a merfolk
    16 | D:1      | Noticed a troll
    18 | D:1      | Noticed a demonspawn
    18 | D:1      | Noticed an ogre
    20 | D:1      | Noticed a meteoran
    20 | D:1      | Noticed a tengu
    22 | D:1      | Noticed a spriggan
    22 | D:1      | Noticed an octopode
    24 | D:1      | Noticed a felid
    24 | D:1      | Noticed an elf
    26 | D:1      | Noticed a merfolk
    26 | D:1      | Noticed a vine stalker
   176 | D:1      | Reached XP level 2. HP: 16/16 MP: 3/3
   271 | D:1      | Reached skill level 3 in Ranged Weapons
   602 | D:1      | Found Ketaz's Antique Armour Boutique.
   606 | D:1      | 606 ||| SHOPLISTING glowing cloak (247 gold, have 13).
   606 | D:1      | 606 ||| SHOPLISTING glowing ring mail (231 gold, have 13).
   606 | D:1      | 606 ||| SHOPLISTING ring mail (132 gold, have 13).
   629 | D:1      | 629 ||| UPGRADING to +0 leather armour.
   639 | D:1      | 639 ||| DROPPING +0 robe.
   640 | D:1      | 640 ||| READING scroll labelled LELUKHINIQ.
   643 | D:1      | 643 ||| READING scroll labelled GIUT YCALUNAM.
   644 | D:1      | 644 ||| DROPPING scroll of poison.
   700 | D:2      | Noticed Jessica
   703 | D:2      | Killed Jessica
   704 | D:2      | Reached XP level 3. HP: 22/22 MP: 4/4
   839 | D:2      | Noticed Terence
   853 | D:2      | HP: 5/22 [Terence/+0 flail (3)]
   855 | D:2      | Slain by Terence

Levels and vault maps discovered:
D:1:      kb_arrival_jail, layout_basic, serial_shops, shop
D:2:      minmay_angry_zag, layout_loops_corners, minmay_shallow_snake_nest,
          uniq_terence, uniq_robin, uniq_jessica, uniq_sigmund

Skill      XL: |  1  2 |
---------------+-------+-----
Ranged Weapons | 3 |  3.2
Fighting       | 2 |  2.9
Dodging        | |  1.5
Spellcasting   | |  1.0
Hexes          | |  2.6

Action                     || total
---------------------------++-------
   Fire: Sling             ||    93
    Use: Scroll            ||     2
 Armour: Robe              ||     8
         Leather armour    ||     3
  Dodge: Dodged            ||    30

Table legend:
 A = Non-vault XP
 B = Vault XP
 C = Vault XP percentage of total XP
 D = Non-vault monster count
 E = Vault monster count
 F = Vault count percentage of total count
                 A         B        C        D         E       F
            +---------+---------+-------+---------+---------+-------
      Total |      44 |      37 |  45.7 |      26 |       1 |   3.7
            +---------+---------+-------+---------+---------+-------
        D:1 |      30 |       0 |   0.0 |      19 |       0 |   0.0
        D:2 |      14 |      37 |  72.5 |       7 |       1 |  12.5
            +---------+---------+-------+---------+---------+-------
